3R
SHERIDAN DEER @ AMARILLO WARHEADS
08/17/2033
 
TOP OF THE 1ST
Sheridan Deer batting - Pitching for Amarillo Warheads : LHP Rafael Quiñones
Pitching: LHP Rafael Quiñones
Batting: RHB Tolenka Kafengauz 0-0: TRIPLE (Flyball, 8RXD)
Batting: RHB Richard Trevithick 0-0: Ground out 4-3 (Groundball, 34)
Tolenka Kafengauz scores
Batting: RHB Shigeaki Samurakami 0-0: Fly out, F8 (Flyball, 78D)
Batting: RHB Chaim Werkman 0-0: Ball
1-0: Swinging Strike
1-1: Ball
2-1: Ball
3-1: Base on Balls
Batting: RHB Ju-choer Park 0-0: Fly out, F7 (Flyball, 7LS)
Top of the 1st over - 1 run, 1 hit, 0 errors, 1 left on base; Sheridan 1 - Amarillo 0
BOTTOM OF THE 1ST
Amarillo Warheads batting - Pitching for Sheridan Deer : RHP Hsin-ta Yin
Pitching: RHP Hsin-ta Yin
Batting: SHB Damien Monroe 0-0: Called Strike
0-1: Ball
1-1: Ball
2-1: Ball
3-1: Base on Balls
Batting: RHB Joe Rodgers 0-0: Ball
1-0: Called Strike
1-1: Foul Ball, location: 2F
1-2: Ground out 4-3 (Groundball, 4S)
Damien Monroe to second
Batting: LHB Fernando Guillén 0-0: Ball
Damien Monroe steals 3rd base
1-0: Ball
2-0: Called Strike
2-1: Ground out 4-3 (Groundball, 4)
Damien Monroe scores
Batting: SHB John Wilder 0-0: Ball
1-0: Ball
2-0: Foul Ball, location: 2F
2-1: Ball
3-1: Base on Balls
Batting: RHB Kiyohira Kan 0-0: Foul Ball, location: 2F
0-1: Swinging Strike
0-2: Ball
1-2: Ball
2-2: Fielders Choice at 2nd, 5-4 (Groundball, 56)
Bottom of the 1st over - 1 run, 0 hits, 0 errors, 1 left on base; Sheridan 1 - Amarillo 1
TOP OF THE 2ND
Sheridan Deer batting - Pitching for Amarillo Warheads : LHP Rafael Quiñones
Batting: SHB Temaki Yuka 0-0: Ball
1-0: Ball
2-0: Called Strike
2-1: DOUBLE (Flyball, 8RXD)
Batting: LHB Armando Cedeño 0-0: Ball
1-0: Swinging Strike
1-1: Ball
2-1: Ball
3-1: Called Strike
3-2: Foul Ball, location: 2F
3-2: Base on Balls
Batting: SHB Manu Pakkarinen 0-0: Ball
1-0: Ball
2-0: Called Strike
2-1: SINGLE (Groundball, 4MD)
Temaki Yuka to third
Armando Cedeño to second
Batting: LHB Gu Li 0-0: Foul Ball, location: 2F
0-1: Ball
1-1: Foul Ball, location: 2F
1-2: Ground out U3 (Groundball, 34S)
Temaki Yuka scores
Armando Cedeño to third
Manu Pakkarinen to second
Batting: RHB Tolenka Kafengauz 0-0: Ball
1-0: Ball
2-0: Ball
3-0: Base on Balls
Batting: RHB Richard Trevithick 0-0: Called Strike
0-1: Swinging Strike
0-2: Ball
1-2: Strikes out swinging
Batting: RHB Shigeaki Samurakami 0-0: Called Strike
0-1: Called Strike
0-2: Ball
1-2: Ball
2-2: Ball
3-2: SINGLE (Groundball, 56S) (infield hit)
Armando Cedeño scores
Manu Pakkarinen to third
Tolenka Kafengauz to second
Batting: RHB Chaim Werkman 0-0: Foul Ball, location: 2F
0-1: Fielders Choice at 2nd, U6 (Groundball, 6M)
Top of the 2nd over - 2 runs, 3 hits, 0 errors, 3 left on base; Sheridan 3 - Amarillo 1
BOTTOM OF THE 2ND
Amarillo Warheads batting - Pitching for Sheridan Deer : RHP Hsin-ta Yin
Batting: RHB Adrián Sánchez 0-0: Called Strike
0-1: Ground out 5-3 (Groundball, 56S)
Batting: RHB John Steele 0-0: Ball
1-0: Swinging Strike
1-1: Bunt missed!
1-2: Foul Ball, location: 2F
1-2: Ball
2-2: SINGLE (Groundball, 34) (infield hit)
Batting: SHB Takechi Yamashita 0-0: Ball
1-0: Ball
John Steele is caught stealing 2nd base
2-0: Foul Ball, location: 2F
2-1: Foul Ball, location: 2F
2-2: Foul Ball, location: 2F
2-2: SINGLE (Line Drive, 4MD)
Batting: RHB Kevin Bates 0-0: Ball
1-0: Ball
2-0: Fly out, F9 (Line Drive, 9S)
Bottom of the 2nd over - 0 runs, 2 hits, 0 errors, 1 left on base; Sheridan 3 - Amarillo 1
TOP OF THE 3RD
Sheridan Deer batting - Pitching for Amarillo Warheads : LHP Rafael Quiñones
Batting: RHB Ju-choer Park 0-0: Ball
1-0: Ball
2-0: Foul Ball, location: 2F
2-1: Ball
3-1: Called Strike
3-2: Fly out, F4 (Popup, 4S)
Batting: SHB Temaki Yuka 0-0: Ball
1-0: Foul Ball, location: 2F
1-1: Ball
2-1: Ball
3-1: Fly out, F9 (Flyball, 9D)
Batting: LHB Armando Cedeño 0-0: Ball
1-0: Fly out, F8 (Flyball, 8RS)
Top of the 3rd over - 0 runs, 0 hits, 0 errors, 0 left on base; Sheridan 3 - Amarillo 1
BOTTOM OF THE 3RD
Amarillo Warheads batting - Pitching for Sheridan Deer : RHP Hsin-ta Yin
Batting: SHB Damien Monroe 0-0: Ball
1-0: Ball
2-0: Called Strike
2-1: Foul Ball, location: 2F
2-2: Fly out, F9 (Flyball, 9)
Batting: RHB Joe Rodgers 0-0: Foul Ball, location: 2F
0-1: Ball
1-1: Ball
2-1: Called Strike
2-2: Foul Ball, location: 2F
2-2: Foul Ball, location: 2F
2-2: Ball
3-2: SINGLE (Flyball, 78S)
Batting: LHB Fernando Guillén 0-0: Ball
1-0: Foul Ball, location: 2F
1-1: Grounds into double play, 4-6-3 (Groundball, 4)
Bottom of the 3rd over - 0 runs, 1 hit, 0 errors, 0 left on base; Sheridan 3 - Amarillo 1
TOP OF THE 4TH
Sheridan Deer batting - Pitching for Amarillo Warheads : LHP Rafael Quiñones
Batting: SHB Manu Pakkarinen 0-0: Called Strike
0-1: Hit by Pitch
Batting: LHB Gu Li 0-0: Called Strike
0-1: Ball
1-1: Called Strike
1-2: Fly out, F2 (Popup, 25F)
Batting: RHB Tolenka Kafengauz 0-0: Called Strike
0-1: Called Strike
0-2: Strikes out looking
Batting: RHB Richard Trevithick 0-0: Called Strike
0-1: Ball
Manu Pakkarinen is caught stealing 2nd base
Top of the 4th over - 0 runs, 0 hits, 0 errors, 0 left on base; Sheridan 3 - Amarillo 1
BOTTOM OF THE 4TH
Amarillo Warheads batting - Pitching for Sheridan Deer : RHP Hsin-ta Yin
Batting: SHB John Wilder 0-0: Ball
1-0: Foul Ball, location: 2F
1-1: Fly out, F8 (Flyball, 8LM)
Batting: RHB Kiyohira Kan 0-0: Ball
1-0: Ball
2-0: Called Strike
2-1: Ball
3-1: Fly out, F7 (Flyball, 7)
Batting: RHB Adrián Sánchez 0-0: Fly out, F5 (Popup, 5F)
Bottom of the 4th over - 0 runs, 0 hits, 0 errors, 0 left on base; Sheridan 3 - Amarillo 1
TOP OF THE 5TH
Sheridan Deer batting - Pitching for Amarillo Warheads : LHP Rafael Quiñones
Batting: RHB Richard Trevithick 0-0: SINGLE (Groundball, 56D)
Batting: RHB Shigeaki Samurakami 0-0: Ball
1-0: Ball
2-0: Ball
3-0: Called Strike
3-1: SINGLE (Groundball, 5S) (infield hit)
Richard Trevithick to second
Batting: RHB Chaim Werkman 0-0: Called Strike
0-1: Foul Ball, location: 2F
0-2: Foul Ball, location: 2F
0-2: Ball
1-2: 3-RUN HOME RUN (Flyball, 7LD), Distance : 353 ft
Batting: RHB Ju-choer Park 0-0: Ball
1-0: SINGLE (Flyball, 89M) - OUT at second base trying to stretch hit.
Batting: SHB Temaki Yuka 0-0: Ball
1-0: Fly out, F8 (Flyball, 8LM)
Batting: LHB Armando Cedeño 0-0: Swinging Strike
0-1: Ground out 1-3 (Groundball, P)
Top of the 5th over - 3 runs, 4 hits, 0 errors, 0 left on base; Sheridan 6 - Amarillo 1
BOTTOM OF THE 5TH
Amarillo Warheads batting - Pitching for Sheridan Deer : RHP Hsin-ta Yin
Batting: RHB John Steele 0-0: Ground out 4-3 (Groundball, 4)
Batting: SHB Takechi Yamashita 0-0: Foul Ball, location: 2F
0-1: Called Strike
0-2: Strikes out looking
Batting: RHB Kevin Bates 0-0: Ball
1-0: Called Strike
1-1: Ball
2-1: Swinging Strike
2-2: Ball
3-2: Foul Ball, location: 2F
3-2: Fly out, F9 (Flyball, 9S)
Bottom of the 5th over - 0 runs, 0 hits, 0 errors, 0 left on base; Sheridan 6 - Amarillo 1
TOP OF THE 6TH
Sheridan Deer batting - Pitching for Amarillo Warheads : LHP Rafael Quiñones
Pitching: RHP Ánibal Ortíz
Batting: SHB Manu Pakkarinen 0-0: Called Strike
0-1: Ground out 5-3 (Groundball, 5)
Batting: LHB Gu Li 0-0: Ball
1-0: Swinging Strike
1-1: Foul Ball, location: 2F
1-2: Ball
2-2: Ball
3-2: Strikes out swinging
Batting: RHB Tolenka Kafengauz 0-0: Ground out 5-3 (Groundball, 5L)
Top of the 6th over - 0 runs, 0 hits, 0 errors, 0 left on base; Sheridan 6 - Amarillo 1
BOTTOM OF THE 6TH
Amarillo Warheads batting - Pitching for Sheridan Deer : RHP Hsin-ta Yin
Batting: SHB Damien Monroe 0-0: Ground out 4-3 (Groundball, 4)
Batting: RHB Joe Rodgers 0-0: Ball
1-0: Ball
2-0: Ground out 6-3 (Groundball, 6)
Batting: LHB Fernando Guillén 0-0: Ball
1-0: DOUBLE (Line Drive, 8RD)
Pitching: RHP Juan Alemán
Batting: SHB John Wilder 0-0: Called Strike
0-1: Ball
1-1: Ball
2-1: Foul Ball, location: 2F
2-2: Ball
3-2: Fly out, F8 (Flyball, 89XD)
Bottom of the 6th over - 0 runs, 1 hit, 0 errors, 1 left on base; Sheridan 6 - Amarillo 1
TOP OF THE 7TH
Sheridan Deer batting - Pitching for Amarillo Warheads : RHP Ánibal Ortíz
Batting: RHB Richard Trevithick 0-0: DOUBLE (Line Drive, 8LD)
Batting: RHB Shigeaki Samurakami 0-0: Intentional Walk
Batting: RHB Chaim Werkman 0-0: Called Strike
0-1: Swinging Strike
0-2: Strikes out looking
Batting: RHB Ju-choer Park 0-0: Swinging Strike
0-1: SINGLE (Groundball, 34D)
Richard Trevithick to third
Shigeaki Samurakami to second
Runner from 3rd tries for Home, SAFE, no throw
Batting: SHB Temaki Yuka 0-0: Called Strike
0-1: Ball
1-1: Foul Ball, location: 2F
1-2: Ball
2-2: Strikes out looking
Batting: LHB Armando Cedeño 0-0: Called Strike
0-1: Swinging Strike
0-2: Strikes out swinging
Top of the 7th over - 1 run, 2 hits, 0 errors, 2 left on base; Sheridan 7 - Amarillo 1
BOTTOM OF THE 7TH
Amarillo Warheads batting - Pitching for Sheridan Deer : RHP Juan Alemán
Batting: RHB Kiyohira Kan 0-0: Ball
1-0: Ball
2-0: Ball
3-0: Called Strike
3-1: Foul Ball, location: 2F
3-2: Foul Ball, location: 2F
3-2: Base on Balls
Batting: RHB Adrián Sánchez 0-0: Ball
1-0: Called Strike
1-1: Ball
2-1: Grounds into double play, 5-4-3 (Groundball, 56)
Batting: RHB John Steele 0-0: SINGLE (Groundball, 34D)
Batting: SHB Takechi Yamashita 0-0: Called Strike
0-1: Foul Ball, location: 2F
0-2: Ball
1-2: Ball
2-2: Foul Ball, location: 2F
2-2: Foul Ball, location: 2F
2-2: Foul Ball, location: 2F
2-2: Strikes out swinging
Bottom of the 7th over - 0 runs, 1 hit, 0 errors, 1 left on base; Sheridan 7 - Amarillo 1
TOP OF THE 8TH
Sheridan Deer batting - Pitching for Amarillo Warheads : RHP Ánibal Ortíz
Batting: SHB Manu Pakkarinen 0-0: Ball
1-0: Ball
2-0: SINGLE (Line Drive, 6MD)
Batting: LHB Gu Li 0-0: Fly out, F2 (Popup, 25F)
Batting: RHB Tolenka Kafengauz 0-0: Ball
1-0: Foul Ball, location: 2F
1-1: Ball
2-1: Ball
3-1: Swinging Strike
3-2: Foul Ball, location: 2F
3-2: Fly out, F7 (Flyball, 7S)
Batting: RHB Richard Trevithick 0-0: Ball
1-0: Fly out, F7 (Flyball, 78M)
Top of the 8th over - 0 runs, 1 hit, 0 errors, 1 left on base; Sheridan 7 - Amarillo 1
BOTTOM OF THE 8TH
Amarillo Warheads batting - Pitching for Sheridan Deer : RHP Juan Alemán
Batting: RHB Kevin Bates 0-0: Called Strike
0-1: Ground out 6-3 (Groundball, 6)
Batting: SHB Damien Monroe 0-0: Ball
1-0: Swinging Strike
1-1: Ball
2-1: SINGLE (Line Drive, 8LS)
Batting: RHB Joe Rodgers 0-0: Swinging Strike
0-1: Foul Ball, location: 2F
0-2: Foul Ball, location: 2F
0-2: Ball
1-2: Fielders Choice at 2nd, 5-4 (Groundball, 56)
Batting: LHB Fernando Guillén 0-0: Called Strike
0-1: Ball
1-1: Ground out 4-3 (Groundball, 4S)
Bottom of the 8th over - 0 runs, 1 hit, 0 errors, 1 left on base; Sheridan 7 - Amarillo 1
TOP OF THE 9TH
Sheridan Deer batting - Pitching for Amarillo Warheads : RHP Ánibal Ortíz
Pitching: LHP Curt Moore
Batting: RHB Shigeaki Samurakami 0-0: Called Strike
0-1: Ball
1-1: SINGLE (Line Drive, 4)
Batting: RHB Chaim Werkman 0-0: Ball
1-0: Foul Ball, location: 2F
1-1: Ball
2-1: Foul Ball, location: 2F
2-2: SINGLE (Line Drive, 9S)
Shigeaki Samurakami to second
Batting: RHB Ju-choer Park 0-0: Called Strike
0-1: Foul Ball, location: 2F
0-2: Strikes out looking
Batting: SHB Temaki Yuka 0-0: Ball
1-0: Called Strike
1-1: Grounds into double play, 6-4-3 (Groundball, 56)
Top of the 9th over - 0 runs, 2 hits, 0 errors, 1 left on base; Sheridan 7 - Amarillo 1
BOTTOM OF THE 9TH
Amarillo Warheads batting - Pitching for Sheridan Deer : RHP Juan Alemán
Batting: SHB John Wilder 0-0: Fly out, F8 (Flyball, 8RM)
Batting: RHB Kiyohira Kan 0-0: Swinging Strike
0-1: Ball
1-1: SINGLE (Line Drive, 6D)
Batting: RHB Adrián Sánchez 0-0: Called Strike
0-1: Foul Ball, location: 2F
0-2: Strikes out looking
Batting: RHB John Steele 0-0: Ball
1-0: SINGLE (Flyball, 7LS)
Kiyohira Kan to second
Batting: SHB Takechi Yamashita 0-0: Called Strike
0-1: Ball
Passed Ball!
Kiyohira Kan to third
John Steele to second
1-1: Ball
2-1: Fly out, F6 (Line Drive, 6M)
Bottom of the 9th over - 0 runs, 2 hits, 0 errors, 2 left on base; Sheridan 7 - Amarillo 1
Saturday, December 22nd, 2018 - OOTP Baseball 18.8 Build 76